 Dungeon Crawl Stone Soup version 0.30-a0-989-g0d87f670db (webtiles) character file.

Game seed: 10866815417530577011

107 BillyBaka the Trooper (level 4, -2/41 HPs)
             Began as a Minotaur Fighter on Apr 4, 2023.
             Slain by an orc
             ... wielding a +1 war axe of electrocution
              (13 damage)
             ... on level 3 of the Dungeon.
             The game lasted 00:06:34 (1623 turns).

BillyBaka the Trooper (Minotaur Fighter)            Turns: 1623, Time: 00:06:35

Health: -2/41      AC: 10    Str: 22    XL:     4   Next: 57%
Magic:  0/3        EV:  7    Int:  5    God:
Gold:   187        SH:  4    Dex: 10    Spells: 3/3 levels left

rFire   . . .      SeeInvis .    g - +0 broad axe
rCold   . . .      Faith    .    c - +0 buckler
rNeg    . . .      Spirit   +    p - +0 chain mail
rPois   .          Reflect  .    (helmet restricted)
rElec   .          Rampage  .    (no cloak)
rCorr   .                        (no gloves)
Will    .....                    i - +0 pair of boots Stlth
                                 k - amulet of guardian spirit
HPRegen 0.26/turn                (no ring)
MPRegen 0.08/turn                (no ring)

@: no status effects
A: horns 2, retaliatory headbutt
a: no special abilities


You were on level 3 of the Dungeon.
You visited 1 branch of the dungeon, and saw 3 of its levels.

You collected 187 gold pieces.

Inventory:

Hand Weapons
 g - a +0 broad axe (weapon)
Armour
 c - a +0 buckler (worn)
 i - a +0 pair of boots (worn)
 p - a +0 chain mail (worn)
Jewellery
 k - an amulet of guardian spirit (around neck)
Wands
 q - a wand of flame (14)
Scrolls
 b - a scroll of poison {unknown}
 f - 3 scrolls of magic mapping {unknown}
 h - a scroll of summoning {unknown}
 j - a scroll of fear {unknown}
 l - a scroll of teleportation {unknown}
 m - a scroll of enchant weapon {unknown}
 n - a scroll of amnesia {unknown}
 o - a scroll of vulnerability {unknown}
Potions
 a - a potion of resistance {unknown}
 d - a potion of might
 e - 2 potions of flight {unknown}
 r - a potion of mutation {unknown}


   Skills:
 + Level 4.3 Fighting
 * Level 4.1 Axes
 + Level 4.3 Armour
 + Level 4.3 Shields


You had 3 spell levels left.
You didn't know any spells.
Your spell library contained the following spells:

 Spells                   Type           Power      Damage    Failure   Level
 Beastly Appendage        Tmut           0%         N/A       99%         1
 Wereblood                Tmut           0%         N/A       100%        2
 Spider Form              Tmut/Pois      0%         N/A       100%        3


Dungeon Overview and Level Annotations

Branches:
Dungeon (3/15)

Altars:
Uskayaw

Shops:
D:3 :(

Annotations:
D:2 1 runed translucent door, Crazy Yiuf


Innate Abilities, Weirdness & Mutations

You have a pair of horns on your head.
You reflexively headbutt those who attack you in melee.


Message History

You are too injured to fight recklessly!
You are too injured to fight recklessly!
You hit the orc priest. Your headbutt misses the orc priest.
The orc priest is severely wounded.
You block the orc priest's attack.
You barely miss the orc priest.
The orc priest is severely wounded.
You block the orc priest's attack.
The orc priest hits you but does no damage.
You barely miss the orc priest. Your headbutt misses the orc priest.
The orc priest is severely wounded.
The orc priest hits you but does no damage.
You closely miss the orc priest.
The orc priest is severely wounded.
The orc priest hits you with a +0 short sword.
You closely miss the orc priest.
The orc priest is severely wounded.
The orc priest hits you but does no damage.
An orc comes into view.
It is wielding a +1 war axe of electrocution.
The orc priest hits you but does no damage.
You hit the orc priest.
You kill the orc priest!
Your Axes skill increases to level 4!
You see here 8 gold pieces.
You open the door.
There is an open door here.
There is an entrance to Wimur's Weapon Shop here.
You open the door.
There is an open door here.
You are too injured to fight recklessly!
You are too injured to fight recklessly!
You are too injured to fight recklessly!
You closely miss the orc.
The orc hits you with a +1 war axe of electrocution. x2
You are electrocuted!
* * * LOW HITPOINT WARNING * * *
You hit the orc.
The orc is heavily wounded.
The orc hits you but does no damage.
You are electrocuted!
You die...

# #............#
######............######
$.o.....÷...............
######o..#'#............
# #...#.#............
#.###.###..........
#.'..∩..'.#........
#####.#####o....... #.#
#@....... ##########'#
#........ #........#.#
#........ #..........#
#........
#........#######........
#........# #.........<..
#........# #......######
#........# #......# #
#........# #......#
######...


You could see an orc.

Vanquished Creatures
  An orc priest (D:3)
  An adder (D:3)
  3 worms (D:2)
  2 dart slugs
  2 endoplasms
  6 giant cockroaches
  6 goblins
  6 hobgoblins
  3 jackals (D:3)
  4 kobolds
  A quokka (D:3)
  2 ball pythons (D:1)
  7 bats
  4 frilled lizards
  8 rats
56 creatures vanquished.

Notes
Turn   | Place    | Note
-------+----------+-------------------------------------------
     0 | D:1      | BillyBaka the Minotaur Fighter began the quest for the Orb.
     0 | D:1      | Reached XP level 1. HP: 19/19 MP: 0/0
    74 | D:1      | Reached XP level 2. HP: 27/27 MP: 1/1
   187 | D:1      | Found a faded altar of an unknown god.
   525 | D:1      | Reached XP level 3. HP: 33/33 MP: 2/2
  1155 | D:2      | Found a runed translucent door.
  1156 | D:2      | Noticed Crazy Yiuf
  1301 | D:3      | Found Wimur's Weapon Shop.
  1485 | D:3      | Reached XP level 4. HP: 40/40 MP: 3/3
  1554 | D:3      | Found a hide-covered altar of Uskayaw.
  1574 | D:3      | Found Iffegh's Book Boutique.
  1623 | D:3      | Slain by an orc

Illustrated notes

Levels and vault maps discovered:
D:1:      psy_arrival_terrarium, layout_basic,
          hellmonk_ecumenical_altar_lost_god, minmay_3d_cube
D:2:      layout_basic, uniq_crazy_yiuf_cottage
D:3:      layout_basic, dancing_weapons_uskayaw, led_sif_pool,
          overflow_temple_1_default, serial_shops, nicolae_shop_hallway_plus,
          nicolae_shop_statue_plus, shop_fountains, shop, shop_statue,
          grunt_ministairs_14, kennysheep_generic_room_8

Skill      XL: |  1  2  3  4 |
---------------+-------------+-----
Axes           | 3 4 |  4.1
Shields        | 4 |  4.3
Fighting       | 4 |  4.3
Armour         | 4 |  4.3

Action                     |  1- 3 |  4- 6 || total
---------------------------+-------+-------++-------
  Melee: War axe           |    32 |       ||    32
         Headbutt          |    12 |     1 ||    13
         Broad axe         |    73 |    13 ||    86
 Armour: Scale mail        |    49 |       ||    49
         Chain mail        |     3 |     6 ||     9
  Dodge: Dodged            |    58 |     3 ||    61
  Block: Buckler           |    25 |     4 ||    29

Table legend: (Time is in decaauts)
 A = Elapsed time spent in this place.
 B = Non-inter-level travel time spent in this place.
 C = Inter-level travel time spent in this place.
 D = Time resting spent in this place.
 E = Time spent auto-exploring this place.
 F = Levels seen in this place.
 G = Mean time per level.
                   A        B        C        D        E       F      G
               +--------+--------+--------+--------+--------+-----+--------+
         Total |   1673 |   1555 |    118 |      0 |   1133 |   3 |  557.7 |
       Dungeon |   1673 |   1555 |    118 |      0 |   1133 |   3 |  557.7 |
               +--------+--------+--------+--------+--------+-----+--------+

Top non-repeatable levels by time:
     D:1: 723 daAuts
     D:2: 566 daAuts
     D:3: 384 daAuts
